 Dungeon Crawl Stone Soup version 0.27-a0-385-g3208abaabc (webtiles) character file.

Game seed: 18174200243649818337

6621 tsouns the Martial Artist (level 11, 0/53 HPs)
             Began as a Vine Stalker Transmuter on Feb 19, 2021.
             Was a Priest of the Shining One.
             Succumbed to a killer bee's poison
             ... on level 9 of the Dungeon.
             The game lasted 00:18:03 (8294 turns).

tsouns the Martial Artist (Vine Stalker Transmuter) Turns: 8294, Time: 00:18:04

Health: 0/53       AC:  9    Str: 13    XL:     11   Next: 2%
Magic:  3/20       EV: 12    Int: 15    God:    the Shining One [***...]
Gold:   947        SH:  0    Dex: 16    Spells: 6/21 levels left

rFire    + . .     SeeInvis .     - Unarmed
rCold    . . .     Faith    .   (no shield)
rNeg     + + .     Spirit   +   q - +1 robe {rF+}
rPois    .         Reflect  .   (no helmet)
rElec    .         Harm     .   y - +1 cloak
rCorr    .         Rampage  .   (no gloves)
Will     +....                  (no boots)
Stlth    +.........             g - amulet of magic regeneration
HPRegen  1.17/turn              d - +4 ring of protection
MPRegen  0.42/turn              c - ring of positive energy

@: lethally poisoned (0 -> -1), glowing
A: fangs 3, regeneration 1, magic shield, antimagic bite, no potion heal 3
a: Renounce Religion, Divine Shield


You were on level 9 of the Dungeon.
You worshipped the Shining One.
The Shining One was most pleased with you.
You visited 1 branch of the dungeon, and saw 9 of its levels.

You collected 947 gold pieces.

Inventory:

Missiles
 e - 12 boomerangs
 n - 33 poisoned darts (quivered)
 u - 6 javelins
Armour
 q - a +1 robe of fire resistance (worn)
 y - a +1 cloak (worn)
Jewellery
 c - a ring of positive energy (right hand)
 d - a +4 ring of protection (left hand)
 g - an amulet of magic regeneration (around neck)
 o - an amulet of the acrobat
Wands
 b - a wand of random effects (36)
 i - a wand of paralysis (8)
 m - a wand of acid (5)
 p - a wand of iceblast (4)
 r - a wand of flame (33)
 t - a wand of digging (6)
Scrolls
 a - 10 scrolls of identify
 f - 3 scrolls of teleportation
 k - a scroll of magic mapping
 v - a scroll of immolation
 x - 5 scrolls of amnesia
Potions
 h - 3 potions of mutation
 j - 2 potions of haste
 l - 2 potions of flight
 w - a potion of berserk rage
 z - a potion of cancellation {unknown}


   Skills:
 + Level 4.0 Fighting
 - Level 1.5 Dodging
 * Level 11.5 Unarmed Combat
 - Level 5.6 Spellcasting
 + Level 8.2 Transmutations
 - Level 5.7 Poison Magic


You had 6 spell levels left.
You knew the following spells:

 Your Spells              Type           Power        Failure   Level
a - Beastly Appendage     Tmut           56%          1%          1
b - Wereblood             Tmut           28%          1%          2
c - Spider Form           Tmut/Pois      12%          2%          3
d - Blade Hands           Tmut           14%          14%         5
e - Ice Form              Ice/Tmut       16%          28%         4

Your spell library contained the following spells:

 Spells                   Type           Power        Failure   Level
 Call Imp                 Summ           4%           24%         2
 Iskenderun's Battlesphe  Conj           4%           99%         5
 Conjure Ball Lightning   Conj/Air       2%           100%        6
 Summon Hydra             Summ           2%           100%        7


Dungeon Overview and Level Annotations

Branches:
Dungeon (9/15)             Temple (0/1) D:5
   Lair: D:8-11         Orc: D:9-12

Altars:
Ashenzari
Cheibriados
Fedhas
Makhleb
Ru
Sif Muna
Uskayaw
Xom
The Shining One

Shops:
D:4 (

Annotations:
D:3 3 runed translucent doors, Betwixt's ghost, amateur GrFi


Innate Abilities, Weirdness & Mutations

You have razor-sharp teeth.
Your natural rate of healing is unusually fast.
When hurt, damage is shared between your health and your magic reserves.
Your bite disrupts and absorbs the magic of your enemies.
Potions cannot restore your health.


Message History

The sky beast flickers out of sight for a moment.
The killer bee stings you.
* * * LOW HITPOINT WARNING * * *
You are lethally poisoned!
The killer bee poisons you!
Your system rejects the healing.
You feel better.
Your primal bloodlust is almost over.
The killer bee stings you.
* * * LOW HITPOINT WARNING * * *
You are poisoned.
The killer bee poisons you! The killer bee completely misses you.
Unknown command.
You feel sick. The killer bee stings you.
* * * LOW HITPOINT WARNING * * *
You are more poisoned.
The killer bee poisons you! The killer bee closely misses you.
The killer bee misses you.
You closely miss the killer bee. Your punch misses the killer bee.
You feel sick.
You hear an angry buzzing noise.
The killer bee barely misses you. The killer bee stings you!
* * * LOW HITPOINT WARNING * * *
The killer bee barely misses you.
Unknown command.
You feel sick. The killer bee barely misses you. The killer bee stings you.
* * * LOW HITPOINT WARNING * * *
You are lethally poisoned!
The killer bee poisons you! The killer bee barely misses you.
The killer bee stings you but does no damage.
Unknown command.
Your surroundings suddenly seem different.
* * * LOW HITPOINT WARNING * * *
You feel sick.
Unknown command.
* * * LOW HITPOINT WARNING * * *
You feel sick.
Your primal bloodlust has ended.
* * * LOW HITPOINT WARNING * * *
You feel sick.
You die...

###### .....#
##############
####.#
#............#
#†#####.##########.#
#.......# #.#
#.####### ######.#
####.# #@.....#
.....########
#.######
#.#.........# ##.##
#.#.#######.###.#.##
....# #>##.###.###
#.#### #...## ##..#
#....# ####.###.#[#
#.##.# ##.#.##.#
#.##.#### ##.###.#


There were no monsters in sight!

Vanquished Creatures
  Maurice (D:8)
  Prince Ribbit (D:6)
  A hornet (D:9)
  Sigmund (D:3)
  3 yaks (D:9)
  Menkaure (D:7)
  A black bear (D:8)
  4 sky beasts
  3 necrophages
  3 ice beasts
  5 ogres
  2 centaurs
  2 phantoms
  5 bullfrogs
  A water moccasin skeleton (D:3)
  3 scorpions
  40 killer bees
  4 howler monkeys
  A quasit (D:6)
  A centaur zombie (D:6)
  5 hounds
  2 orc priests
  3 jellies
  A centaur skeleton (D:5)
  2 bullfrog skeletons
  5 iguanas
  3 orc wizards
  3 worker ants
  3 hound skeletons
  A mummy (D:4)
  A howler monkey skeleton (D:7)
  9 adders
  2 shadow imps
  5 white imps
  4 ufetubi
  An adder zombie (D:8)
  4 worms
  3 dart slugs
  6 leopard geckos
  21 orcs
  9 bats
  9 giant cockroaches
  14 goblins
  6 hobgoblins
  8 jackals
  5 kobolds
  3 quokkas
  2 ball pythons (D:2)
  6 frilled lizards
  A jackal skeleton (D:5)
  2 leopard gecko skeletons
  6 rats
238 creatures vanquished.

Notes
Turn   | Place    | Note
-------+----------+-------------------------------------------
     0 | D:1      | tsouns the Vine Stalker Transmuter began the quest for the
                  | Orb.
     0 | D:1      | Reached XP level 1. HP: 9/9 MP: 4/4
    58 | D:1      | Reached XP level 2. HP: 13/14 MP: 6/6
   190 | D:1      | Learned a level 2 spell: Wereblood
   437 | D:1      | Reached XP level 3. HP: 12/17 MP: 3/7
   703 | D:1      | Reached skill level 4 in Unarmed Combat
  1255 | D:2      | Gained mutation: Your natural rate of healing is unusually
                  | fast. [Vine Stalker growth]
  1255 | D:2      | Reached XP level 4. HP: 21/21 MP: 8/8
  1344 | D:2      | Found a sacrificial altar of Ru.
  2077 | D:3      | Reached skill level 5 in Unarmed Combat
  2077 | D:3      | Reached XP level 5. HP: 22/25 MP: 7/9
  2249 | D:3      | Found a glowing golden altar of the Shining One.
  2303 | D:3      | Found a runed translucent gate.
  2307 | D:3      | Found a runed translucent gate.
  2308 | D:3      | Found a runed translucent gate.
  2310 | D:3      | Noticed Betwixt's ghost (amateur GrFi)
  2482 | D:3      | Became a worshipper of the Shining One
  2599 | D:3      | Learned a level 3 spell: Spider Form
  2750 | D:3      | Noticed Sigmund
  2758 | D:3      | Killed Sigmund
  2759 | D:3      | Reached skill level 1 in Poison Magic
  2759 | D:3      | Reached XP level 6. HP: 19/29 MP: 4/10
  2944 | D:4      | Reached skill level 6 in Unarmed Combat
  2974 | D:4      | Reached XP level 7. HP: 29/32 MP: 8/11
  3032 | D:4      | Found Ojozall's Antique Weapon Emporium.
  3192 | D:3      | Found a shimmering blue altar of Sif Muna.
  3694 | D:4      | Found a snail-covered altar of Cheibriados.
  3772 | D:5      | Entered Level 5 of the Dungeon
  3841 | D:5      | Reached skill level 7 in Unarmed Combat
  3938 | D:5      | Found a staircase to the Ecumenical Temple.
  4076 | D:5      | Reached * piety under the Shining One
  4084 | D:5      | Gained mutation: You have razor-sharp teeth. [Vine Stalker
                  | growth]
  4084 | D:5      | Reached XP level 8. HP: 37/37 MP: 13/13
  4329 | D:5      | Found a blossoming altar of Fedhas.
  4394 | D:5      | Reached skill level 5 in Transmutations
  4557 | D:5      | Reached skill level 8 in Unarmed Combat
  4858 | D:6      | Identified the Collected Works on Illusion and Conjuration
  4917 | D:6      | Found a burning altar of Makhleb.
  4917 | D:6      | Reached ** piety under the Shining One
  4932 | D:6      | Reached XP level 9. HP: 40/40 MP: 16/16
  5011 | D:6      | Noticed Prince Ribbit
  5019 | D:6      | Killed Prince Ribbit
  5074 | D:6      | Noticed a +0 hand axe
  5075 | D:6      | Noticed a +0 hand axe
  5076 | D:6      | Found a hide-covered altar of Uskayaw.
  5184 | D:6      | Reached skill level 9 in Unarmed Combat
  5279 | D:6      | Reached skill level 5 in Poison Magic
  5467 | D:6      | Reached skill level 5 in Spellcasting
  5874 | D:7      | Noticed Menkaure
  5895 | D:7      | Killed Menkaure
  5921 | D:7      | Found a blossoming altar of Fedhas.
  6044 | D:7      | Found a broken altar of Ashenzari.
  6440 | D:7      | Reached XP level 10. HP: 40/44 MP: 17/19
  6699 | D:8      | Learned a level 5 spell: Blade Hands
  6704 | D:8      | Learned a level 4 spell: Ice Form
  6725 | D:8      | Reached skill level 1 in Fighting
  6811 | D:8      | Reached skill level 10 in Unarmed Combat
  6956 | D:8      | Reached *** piety under the Shining One
  7409 | D:8      | Noticed Maurice
  7419 | D:8      | Killed Maurice
  7553 | D:9      | Found a shimmering altar of Xom.
  7844 | D:9      | Reached skill level 11 in Unarmed Combat
  8270 | D:9      | Reached XP level 11. HP: 43/53 MP: 17/20
  8290 | D:9      | HP: 2/53 [killer bee (2)]
  8294 | D:9      | Succumbed to a killer bee's poison

Illustrated notes

Levels and vault maps discovered:
D:1:      dpeg_arrival_long_road, layout_basic, kennysheep_decorative_pillar
D:2:      layout_rooms, nicolae_ru_awakened_eye, serial_co_window_serial,
          co_window_paths_b, co_window_corner_a, co_window_paths_b,
          co_window_paths_a, co_window_paths_b, co_window_corner_a,
          co_window_paths_a, co_window_of_opportunity_b, co_window_broadway_b,
          co_window_corner_b, co_window_corner_cb, co_window_of_opportunity_b,
          co_window_corner_ca, co_window_corner_ca, glass_columns_b,
          glass_columns_a
D:3:      lemuel_upstairs_altar, layout_loops_ring,
          lemuel_coloured_pillars_altar, gammafunk_ghost_necromancy,
          uniq_sigmund
D:4:      layout_gridville, serial_shops, shop, chei_slow_surprise
D:5:      minmay_polygon_palace, layout_gridville, kennysheep_little_box,
          minmay_temple_entry_overgrown, due_unseen_surprise
D:6:      layout_loops_ring, dancing_weapons_uskayaw, grunt_decor_clamped,
          makhleb_blood_cavern_becter, uniq_prince_ribbit1
D:7:      layout_cave_pods, lemuel_crystal_altar, fedhas_altar_1, uniq_menkaure
D:8:      layout_loops_ring, hex_tiny, uniq_maurice
D:9:      wad_woods_minihive, layout_loops_ring, tgw_xom, uniq_psyche

Skill      XL: |  1  2  3  4  5  6  7  8  9 10 11 |
---------------+----------------------------------+-----
Unarmed Combat | 4 5 6 7 8 9 11 | 11.5
Transmutations | 3 4 5 6 8 |  8.2
Poison Magic   | 1 2 3 4 5 |  5.7
Spellcasting   | 3 4 5 |  5.6
Fighting       | 3 4 |  4.0
Dodging        | |  1.5

Action                   |  1- 3 |  4- 6 |  7- 9 | 10-12 || total
-------------------------+-------+-------+-------+-------++-------
Melee: Unarmed           |    94 |   118 |   341 |   246 ||   799
       Bite              |    16 |    28 |    76 |    44 ||   164
       Headbutt          |     1 |       |     8 |    15 ||    24
       Kick              |     5 |     1 |    10 |    20 ||    36
       Punch             |     1 |     1 |     8 |     8 ||    18
Throw: Dart              |       |       |     4 |       ||     4
 Cast: Beastly Appendage |     4 |     1 |     4 |     6 ||    15
       Spider Form       |       |     1 |     7 |     2 ||    10
       Wereblood         |       |       |       |     3 ||     3
Evoke: Wand              |       |       |     5 |     1 ||     6
  Use: Scroll            |       |     9 |     4 |     9 ||    22
       Potion            |       |       |       |     1 ||     1
 Stab: Sleeping          |     2 |     4 |       |       ||     6
Armor: Robe              |    29 |    25 |    58 |    50 ||   162
       Skin              |       |       |     5 |     3 ||     8
Dodge: Dodged            |    61 |    54 |   162 |   172 ||   449

Table legend: (Time is in decaauts)
 A = Elapsed time spent in this place.
 B = Non-inter-level travel time spent in this place.
 C = Inter-level travel time spent in this place.
 D = Time resting spent in this place.
 E = Time spent auto-exploring this place.
 F = Levels seen in this place.
 G = Mean time per level.
                   A        B        C        D        E       F      G
               +--------+--------+--------+--------+--------+-----+--------+
         Total |   8183 |   7842 |    341 |      0 |   6303 |   9 |  909.2 |
       Dungeon |   8183 |   7842 |    341 |      0 |   6303 |   9 |  909.2 |
               +--------+--------+--------+--------+--------+-----+--------+

Top non-repeatable levels by time:
     D:2: 1066 daAuts
     D:5: 1011 daAuts
     D:3: 977 daAuts
     D:6: 959 daAuts
     D:1: 916 daAuts
     D:7: 904 daAuts
     D:9: 789 daAuts
     D:4: 786 daAuts
     D:8: 772 daAuts
